 Dungeon Crawl Stone Soup version 0.27-a0-320-g81d27af2d4 (webtiles) character file.

Game seed: 631295336856077090

27 kae the Ruffian (level 2, -2/23 HPs)
             Began as a Draconian Transmuter on Feb 10, 2021.
             Slain by a hound (3 damage)
             ... on level 2 of the Dungeon.
             The game lasted 00:01:01 (913 turns).

kae the Ruffian (Draconian Transmuter)               Turns: 913, Time: 00:01:01

Health: -2/23      AC:  4    Str: 12    XL:     2   Next: 93%
Magic:  5/5        EV: 12    Int: 13    God:
Gold:   54         SH:  0    Dex: 11    Spells: 4/5 levels left

rFire    . . .     SeeInvis .     - Unarmed
rCold    . . .     Faith    .   (no shield)
rNeg     . . .     Spirit   .   (armour unavailable)
rPois    .         Reflect  .   (helmet currently unavailable)
rElec    .         Harm     .   (no cloak)
rCorr    .         Rampage  .   (no gloves)
Will     .....                  (boots currently unavailable)
Stlth    +.........             (no amulet)
HPRegen  0.07/turn              (no ring)
MPRegen  0.09/turn              (no ring)

@: appendages (expiring)
A: unfitting armour, horns 2, talons 2, cold-blooded, AC +4
a: End Transformation


You were on level 2 of the Dungeon.
You had grown temporary horns.
You had grown temporary talons.
You visited 1 branch of the dungeon, and saw 2 of its levels.

You collected 54 gold pieces.

Inventory:

Scrolls
 a - 3 scrolls of identify {unknown}
 e - a scroll of noise {unknown}
 h - a scroll of teleportation {unknown}
 j - a scroll of magic mapping {unknown}
Potions
 b - a potion of cancellation {unknown}
 c - a potion of berserk rage {unknown}
 d - a potion of brilliance {unknown}
 f - 2 potions of curing {unknown}
 g - a potion of resistance {unknown}
 i - a potion of might {unknown}


   Skills:
 + Level 1.5 Fighting
 + Level 2.0 Dodging
 * Level 3.3 Unarmed Combat
 + Level 2.2 Spellcasting
 * Level 2.4 Transmutations


You had 4 spell levels left.
You knew the following spells:

 Your Spells              Type           Power        Failure   Level
a - Beastly Appendage     Tmut           14%          9%          1

Your spell library contained the following spells:

 Spells                   Type           Power        Failure   Level
 Wereblood                Tmut           7%           14%         2
 Spider Form              Tmut/Pois      2%           41%         3
 Ice Form                 Ice/Tmut       4%           83%         4
 Blade Hands              Tmut           3%           94%         5


Dungeon Overview and Level Annotations

Branches:
Dungeon (2/15)

Altars:


Innate Abilities, Weirdness & Mutations

Your plain brown scales are hard. (AC +4)
You cannot fit into any form of body armour.
You are cold-blooded and may be slowed by cold attacks.
You have a pair of horns on your head.
You have razor-sharp toenails.


Message History

You hit the hobgoblin but do no damage.
Your tail-slap misses the hobgoblin.
The hobgoblin closely misses you. The hound bites you.
You barely miss the hound. Your kick misses the hound. The hound bites you.
The hobgoblin hits you but does no damage.
There are monsters nearby!
You closely miss the hound.
Your transformation is almost over.
The hound bites you. The hobgoblin closely misses you.
The hound barely misses you.
You barely miss the hound. Your kick misses the hound.
The hound bites you but does no damage.
The hobgoblin hits you but does no damage.
There are monsters nearby!
You hit the hound.
The hound is lightly wounded.
The hound closely misses you. The hobgoblin closely misses you.
The hound bites you.
You are too injured to fight recklessly!
You are too injured to fight recklessly!
You are too injured to fight recklessly!
You are too injured to fight recklessly!
You are too injured to fight recklessly!
You closely miss the hound.
The hound is lightly wounded.
The hound misses you.
The hobgoblin hits you but does no damage.
You miss the hound. Your headbutt misses the hound.
The hound is lightly wounded.
The hound misses you. The hound bites you.
You closely miss the hound. Your kick misses the hound.
The hound is lightly wounded.
The hobgoblin hits you with a +0 club. The hound completely misses you.
You hit the hound.
The hound is moderately wounded.
The hound bites you.
* * * LOW HITPOINT WARNING * * *
The hobgoblin hits you with a +0 club.
* * * LOW HITPOINT WARNING * * *
The hound bites you.
You die...

#.......#
#.......#
+...(...+
#.....?.######
#..(.........(
#.....>.......
#..........#
##....)....#
#.@##.....#
###hg##....[#
.......<....#
###.###.#####
.. ... ###
#####


You could see a hound and a hobgoblin.

Vanquished Creatures
  A gnoll (D:1)
  A leopard gecko (D:2)
  2 bats (D:1)
  4 goblins (D:1)
  3 hobgoblins (D:1)
  2 frilled lizards (D:1)
  3 rats (D:1)
16 creatures vanquished.

Notes
Turn   | Place    | Note
-------+----------+-------------------------------------------
     0 | D:1      | kae the Draconian Transmuter began the quest for the Orb.
     0 | D:1      | Reached XP level 1. HP: 16/16 MP: 3/3
   369 | D:1      | Reached XP level 2. HP: 23/23 MP: 5/5
   913 | D:2      | HP: 1/23 [hobgoblin/+0 club (4)]
   913 | D:2      | Slain by a hound

Illustrated notes

Levels and vault maps discovered:
D:1:      dpeg_arrival_tiny_a, layout_basic
D:2:      cheibrodos_fertilizer, layout_basic, tgw_trog

Skill      XL: |  1  2 |
---------------+-------+-----
Dodging        | 2 |  2.0
Fighting       | |  1.5
Unarmed Combat | |  3.3
Spellcasting   | |  2.2
Transmutations | |  2.4

Action                   || total
-------------------------++-------
Melee: Unarmed           ||    55
       Kick              ||     9
       Headbutt          ||     2
       Tailslap          ||     1
 Cast: Beastly Appendage ||    11
Armor: Skin              ||    13
Dodge: Dodged            ||    45

Table legend: (Time is in decaauts)
 A = Elapsed time spent in this place.
 B = Non-inter-level travel time spent in this place.
 C = Inter-level travel time spent in this place.
 D = Time resting spent in this place.
 E = Time spent auto-exploring this place.
 F = Levels seen in this place.
 G = Mean time per level.
                   A        B        C        D        E       F      G
               +--------+--------+--------+--------+--------+-----+--------+
         Total |    909 |    894 |     15 |      0 |    752 |   2 |  454.5 |
       Dungeon |    909 |    894 |     15 |      0 |    752 |   2 |  454.5 |
               +--------+--------+--------+--------+--------+-----+--------+

Top non-repeatable levels by time:
     D:1: 879 daAuts
     D:2: 30 daAuts
